 Dungeon Crawl Stone Soup version 0.27-a0-808-g60bc5d92e6 (webtiles) character file.

Game seed: 8722321525781764799

389 funkygono the Magician (level 6, -6/40 HPs)
             Began as a Djinni Fire Elementalist on Mar 28, 2021.
             Mangled by p0werm0de's ghost (12 damage)
             ... on level 4 of the Dungeon.
             The game lasted 00:09:09 (4786 turns).

funkygono the Magician (Djinni Fire Elementalist)   Turns: 4786, Time: 00:09:09

Health: -6/40      AC:  8    Str:  7    XL:     6   Next: 79%
Gold:   217        EV: 13    Int: 18    God:
                   SH:  0    Dex: 14

rFire    + + +     SeeInvis .   i - +3 dagger (venom)
rCold    . . .     Faith    .   (no shield)
rNeg     . . .     Spirit   .   k - +2 robe {rC+}
rPois    ∞         Reflect  .   l - +2 helmet
rElec    .         Harm     .   (no cloak)
rCorr    .         Rampage  .   m - +0 pair of gloves
Will     .....                  (boots unavailable)
Stlth    ++........             (no amulet)
HPRegen  0.13/turn              w - ring of protection from fire
MPRegen  0.00/turn              (no ring)

@: flying
A: fire resistance 2, cold vulnerability 1, float, innate caster, hp casting,
extra vitality 1
a: no special abilities


You were on level 4 of the Dungeon.
You visited 2 branches of the dungeon, and saw 5 of its levels.

You collected 217 gold pieces.

Inventory:

Hand Weapons
 e - a +1 short sword of venom
 i - a +3 dagger of venom (weapon)
 n - a +0 falchion
Armour
 k - a +2 robe of cold resistance (worn)
 l - a +2 helmet (worn)
 m - a +0 pair of gloves (worn)
 s - a +1 leather armour of positive energy
Magical Staves
 c - a staff of poison
 d - a staff of earth
Jewellery
 w - a ring of protection from fire (left hand)
Wands
 j - a wand of random effects (8)
 r - a wand of digging (5)
 u - a wand of charming (10)
Scrolls
 o - a scroll of magic mapping {unknown}
 p - 3 scrolls of teleportation
 v - a scroll of identify
Potions
 a - a potion of invisibility {unknown}
 b - a potion of ambrosia
 g - a potion of haste
 h - a potion of cancellation {unknown}
 q - a potion of lignification {unknown}
 t - a potion of resistance {unknown}


   Skills:
 * Level 0.4 Armour
 + Level 2.9 Dodging
 - Level 1.5 Stealth
 * Level 6.0 Spellcasting


You couldn't memorise any spells.
You knew the following spells:

 Your Spells              Type           Power      Damage    Failure   Level
a - Foxfire               Conj/Fire      100%       2x1d9     1%          1
b - Conjure Flame         Conj/Fire      27%        6-21      3%          3
c - Inner Flame           Hex/Fire       27%        N/A       3%          3
d - Sticky Flame          Conj/Fire      27%        2d5       10%         4
e - Fireball              Conj/Fire      13%        3d7       26%         5
f - Sting                 Tmut/Pois      100%       1d8       1%          1
g - Searing Ray           Conj           54%        3d5       1%          2
Your spell library was empty.

Dungeon Overview and Level Annotations

Branches:
Dungeon (4/15)             Temple (1/1) D:4

Altars:
Ashenzari
Elyvilon
Fedhas
Hepliaklqana
Kikubaaqudgha
Nemelex Xobeh
Okawaru
Ru
Sif Muna
Yredelemnul

Shops:
D:4 (

Annotations:
D:4 p0werm0de's ghost, amateur GrFi


Innate Abilities, Weirdness & Mutations

You are immune to poison.
Your flesh is very heat resistant. (rF++)
You are vulnerable to cold. (rC-)
You float through the air rather than walking.
You learn spells naturally, not from books.
Your magical power is your life essence.
You have superior vitality. (+4 HP)


Message History

The adder is moderately wounded.
The searing ray hits p0werm0de's ghost.
P0werm0de's ghost is moderately damaged.
The adder misses you.
The searing ray hits the adder!
You kill the adder!
The searing ray hits p0werm0de's ghost.
P0werm0de's ghost is moderately damaged.
The searing ray hits p0werm0de's ghost!
P0werm0de's ghost is heavily damaged.
You finish channeling your searing ray.
P0werm0de's ghost barely misses you.
Casting: Searing Ray (safe; 1% risk of failure)
Confirm with . or Enter, or press ? or * to list all spells.
Aiming: Searing Ray (safe; 1% risk of failure)
Press: ? - help, Shift-Dir - straight line, f - p0werm0de's ghost
Aim: p0werm0de's ghost (heavily damaged, 13% to evade)
The searing ray hits p0werm0de's ghost but does no damage.
P0werm0de's ghost is heavily damaged. (Press . to maintain the ray.) P0werm0de's ghost hits you.
The searing ray hits p0werm0de's ghost.
P0werm0de's ghost is heavily damaged.
P0werm0de's ghost hits you!
* * * LOW HITPOINT WARNING * * *
The searing ray hits p0werm0de's ghost.
P0werm0de's ghost is severely damaged.
* * * LOW HITPOINT WARNING * * *
P0werm0de's ghost hits you but does no damage.
You feel better. P0werm0de's ghost hits you!
* * * LOW HITPOINT WARNING * * *
Casting: Searing Ray (safe; 1% risk of failure)
Confirm with . or Enter, or press ? or * to list all spells.
You conjure some foxfire!
* * * LOW HITPOINT WARNING * * *
P0werm0de's ghost closely misses you.
Your foxfire dissipates!
The foxfire hits p0werm0de's ghost but does no damage.
P0werm0de's ghost is severely damaged.
P0werm0de's ghost hits you!
You die...

..#..###..###.............###....
###..##..## ##............# ###..
####.>#..# ##..###.......####...
.##......# #...##..##.....#.....
....##..#####..##..######.....##.
..#####........#..## ##....####
..# #...........# #......# # .##
#######.......### ##......# .#
≈!≈≈≈≈'....W@...###.......### ##
#######.....###.............. #
##..##.......# ##...........#.
####.>.###......# ##.........###
##..#..# #..##..## #.........#
...###.###.###...####........##
....##..#..# ##..##...........###
.#...#....## #.........##..#...#
..........# ##.........##.####..


You could see p0werm0de's ghost.

Vanquished Creatures
  2 black bears (D:4)
  An orc priest (D:4)
  Jessica (D:2)
  Robin (D:2)
  7 adders
  2 worms
  A dart slug (D:2)
  2 orcs
  2 ball pythons (D:1)
  An endoplasm (D:3)
  3 giant cockroaches
  7 hobgoblins
  11 jackals
  2 quokkas (D:2)
  A bat (D:2)
  2 frilled lizards (D:2)
  16 goblins
  5 kobolds
  5 rats
72 creatures vanquished.

Vanquished Creatures (others)
  171 foxfires
  A plant (D:1)
172 creatures vanquished.

Grand Total: 244 creatures vanquished

Notes
Turn   | Place    | Note
-------+----------+-------------------------------------------
     0 | D:1      | funkygono the Djinni Fire Elementalist began the quest for
                  | the Orb.
     0 | D:1      | Reached XP level 1. HP: 15/15 MP: 0/0
   540 | D:1      | Reached skill level 3 in Spellcasting
   586 | D:1      | Reached XP level 2. HP: 19/21 MP: 0/0
  1202 | D:2      | Reached XP level 3. HP: 20/25 MP: 0/0
  1202 | D:2      | Learned a level 1 spell: Sting
  1372 | D:2      | Noticed Robin
  1383 | D:2      | Killed Robin
  1388 | D:2      | Reached skill level 4 in Spellcasting
  1388 | D:2      | Reached XP level 4. HP: 11/31 MP: 0/0
  1668 | D:2      | Noticed Jessica
  1674 | D:2      | Killed Jessica
  1718 | D:2      | Found a sparkling altar of Nemelex Xobeh.
  1965 | D:2      | Reached XP level 5. HP: 30/35 MP: 0/0
  1965 | D:2      | Learned a level 2 spell: Searing Ray
  3082 | D:4      | Reached skill level 5 in Spellcasting
  3138 | D:4      | Found a runed translucent door.
  3143 | D:4      | Noticed p0werm0de's ghost (amateur GrFi)
  3204 | D:4      | Found a staircase to the Ecumenical Temple.
  3234 | Temple   | Entered the Ecumenical Temple
  3453 | D:4      | Noticed a black bear
  3465 | D:4      | Killed a black bear
  3466 | D:4      | Reached XP level 6. HP: 8/40 MP: 0/0
  3797 | D:4      | Found Lamimna Nebo's Antique Weapon Shoppe.
  4259 | D:4      | Noticed a black bear
  4264 | D:4      | Killed a black bear
  4265 | D:4      | Reached skill level 6 in Spellcasting
  4786 | D:4      | Mangled by p0werm0de's ghost

Illustrated notes

Levels and vault maps discovered:
D:1:      wander_arrival_fairy_ring, layout_basic
D:2:      layout_loops_ring, nicolae_overflow_crystal_walls, uniq_jessica,
          uniq_robin
D:3:      layout_rooms
D:4:      layout_layer_cave, minmay_temple_entry_proselytizer, serial_shops,
          shop, ebering_ghost_sewer_d
Temple:   kb_temple_of_zot

Skill      XL: |  1  2  3  4  5  6 |
---------------+-------------------+-----
Spellcasting   | 3 4 5 6 |  6.0
Armour         | |  0.4
Dodging        | |  2.9
Stealth        | |  1.5

Action                   |  1- 3 |  4- 6 || total
-------------------------+-------+-------++-------
Melee: Dagger            |       |     2 ||     2
 Cast: Foxfire           |    39 |    64 ||   103
       Sting             |     1 |    21 ||    22
       Searing Ray       |       |     2 ||     2
  Use: Scroll            |     2 |     5 ||     7
       Potion            |       |     1 ||     1
Armor: Robe              |     1 |    15 ||    16
Dodge: Dodged            |    14 |    15 ||    29

Table legend: (Time is in decaauts)
 A = Elapsed time spent in this place.
 B = Non-inter-level travel time spent in this place.
 C = Inter-level travel time spent in this place.
 D = Time resting spent in this place.
 E = Time spent auto-exploring this place.
 F = Levels seen in this place.
 G = Mean time per level.
                   A        B        C        D        E       F      G
               +--------+--------+--------+--------+--------+-----+--------+
         Total |   4783 |   4645 |    138 |      0 |   4122 |   5 |  956.6 |
       Dungeon |   4590 |   4482 |    108 |      0 |   3985 |   4 | 1147.5 |
        Temple |    192 |    162 |     30 |      0 |    137 |   1 |  192.0 |
               +--------+--------+--------+--------+--------+-----+--------+

Top non-repeatable levels by time:
     D:4: 1543 daAuts
     D:2: 1289 daAuts
     D:1: 1194 daAuts
     D:3: 562 daAuts
  Temple: 192 daAuts
